Map: Inside and Out

Players

Cyan - Winner!

  • Race: Protoss Protoss

iGXY (XY)

  • Race: Terran Terran

Event: DreamHack SC2 Masters 2022 Atlanta (Online)

VOD

Have the link to the VOD?

Description

Time

  • Played on: Oct. 6, 2022, 7:19 a.m.
  • Length: 9:26

All games in this series

Show
View Real Time Build Order
Export as new Build Order

Cyan Protoss - Winner!

Build Orders: 1 Gate Expand, Blink Stalkers, Colossus Rush 

Get SALT Encoding   

  12  0:00  Probe  
  13  0:12  Probe  
  14  0:17  Pylon  
  14  0:24  Probe (Chrono Boost)  
  15  0:36  Gateway, Probe (Chrono Boost)  
  16  0:44  Probe (Chrono Boost)  
  16  0:47  Assimilator  
  17  0:51  Probe  
  18  1:03  Probe  
  19  1:15  Probe  
  20  1:24  Cybernetics Core  
  20  1:32  Nexus  
  20  1:36  Probe  
  21  1:41  Pylon  
  21  1:48  Probe  
  21  1:50  Assimilator  
  21  1:58  Adept (Chrono Boost)  
  21  2:00  Probe (Chrono Boost)  
  24  2:01  Warp Gate  
  24  2:13  Probe (Chrono Boost)  
  25  2:20  Adept, Probe (Chrono Boost)  
  28  2:27  Probe  
  29  2:34  Twilight Council  
  29  2:39  Probe  
  29  2:41  Gateway  
  31  2:44  Probe  
  32  2:51  Probe  
  32  2:55  Stalker  
  32  2:56  Probe  
  35  3:03  Probe  
  35  3:04  Blink (Chrono Boost)  
  36  3:08  Probe  
  37  3:15  Probe  
  38  3:20  Probe  
  38  3:22  Pylon  
  39  3:27  Probe  
  39  3:30  Gateway  
  39  3:32  Probe  
  41  3:34  Robotics Facility  
  41  3:39  Probe  
  42  3:44  Probe  
  43  3:51  Probe  
  43  3:52  Stalker  
  46  3:58  Probe  
  46  4:02  Nexus  
  47  4:04  Probe  
  47  4:09  Pylon  
  48  4:10  Probe  
  48  4:14  Stalker  
  51  4:20  Stalker  
  51  4:22  Observer  
  54  4:27  Probe x2, Pylon  
  54  4:29  Pylon  
  56  4:37  Assimilator  
  56  4:38  Assimilator  
  56  4:39  Probe  
  56  4:42  Probe  
  56  4:43  Observer  
  56  4:45  Pylon  
  59  4:47  Pylon  
  59  4:49  Stalker  
  59  4:51  Probe  
  62  4:54  Probe  
  62  4:57  Stalker  
  65  5:03  Probe  
  65  5:06  Probe  
  67  5:07  Robotics Bay  
  67  5:10  Forge  
  63  5:15  Probe x2  
  63  5:18  Probe  
  63  5:20  Stalker  
  68  5:23  Stalker  
  68  5:27  Stalker  
  73  5:28  Probe  
  73  5:29  Probe  
  73  5:30  Probe  
  73  5:33  Charge  
  74  5:40  Probe  
  74  5:42  Probe  
  76  5:44  Gateway  
  73  5:50  Probe  
  73  5:51  Colossus (Chrono Boost)  
  73  5:53  Protoss Ground Weapons Level 1 (Chrono Boost)  
  80  6:03  Gateway  
  80  6:04  Shield Battery  
  80  6:05  Gateway  
  80  6:07  Shield Battery  
  80  6:11  Stalker x2  
  80  6:16  Probe  
  85  6:20  Gateway, Probe  
  85  6:24  Probe  
  87  6:26  Pylon  
  87  6:28  Shield Battery  
  87  6:33  Extended Thermal Lance, Colossus (Chrono Boost)  
  93  6:41  Pylon  
  93  6:43  Pylon  
  91  6:48  Gateway  
  91  6:52  Gateway  
  91  6:53  Zealot x2, Sentry  
  97  6:57  Shield Battery  
  97  6:58  Zealot  
  97  7:00  Pylon  
  99  7:12  Zealot, Sentry  
  103  7:17  Probe  
  103  7:21  Zealot x4  
  112  7:24  Pylon  
  112  7:25  Zealot  
  112  7:28  Pylon  
  114  7:39  Zealot x2  
  114  7:41  Probe  
  114  7:43  Zealot x3  
  125  7:46  Colossus (Chrono Boost), Probe  
  125  7:48  Pylon  
  125  7:50  Pylon  
  132  7:58  Zealot x3  
  132  8:03  Pylon  
  138  8:06  Templar Archives  
  138  8:07  Pylon  
  138  8:11  Zealot x5  
  138  8:22  Zealot  
  138  8:23  Zealot x2  
  116  8:29  Zealot  
  116  8:30  Colossus (Chrono Boost)  
  116  8:32  Zealot x3  
  124  8:40  Zealot x2  
  110  8:43  Zealot x3  
Show
View Real Time Build Order
Export as new Build Order

iGXY Terran 

Build Orders:  

Get SALT Encoding   

  12  0:00  SCV  
  13  0:12  SCV  
  14  0:17  Supply Depot  
  14  0:24  SCV  
  15  0:38  SCV  
  15  0:40  Barracks  
  16  0:44  Refinery  
  16  0:50  SCV  
  17  1:02  SCV  
  18  1:15  SCV  
  19  1:26  Marine  
  19  1:27  Orbital Command  
  20  1:44  Barracks Reactor  
  20  1:51  Command Center  
  20  1:52  SCV  
  21  1:56  Supply Depot  
  21  2:04  SCV  
  21  2:06  Factory  
  22  2:14  Refinery  
  22  2:16  SCV  
  22  2:20  Marine x2  
  25  2:28  SCV  
  26  2:38  Marine x2  
  26  2:40  SCV  
  29  2:50  Starport  
  29  2:51  Hellion  
  31  3:02  SCV, Marine x2  
  31  3:04  Orbital Command  
  34  3:12  Widow Mine  
  36  3:14  SCV  
  37  3:23  Marine x2  
  37  3:24  Supply Depot  
  37  3:26  Medivac  
  41  3:31  SCV  
  41  3:32  SCV  
  43  3:35  Widow Mine  
  43  3:41  Barracks  
  45  3:43  SCV  
  45  3:46  SCV  
  45  3:48  Supply Depot  
  47  3:53  Marine x2  
  47  3:55  SCV  
  50  3:58  Starport Tech Lab  
  50  3:59  Factory Tech Lab  
  50  4:04  SCV  
  50  4:07  SCV, Barracks  
  52  4:10  Marine  
  52  4:11  Marine  
  52  4:15  Engineering Bay  
  54  4:17  Raven  
  54  4:19  SCV  
  54  4:21  SCV  
  58  4:29  Supply Depot  
  58  4:33  SCV x2  
  58  4:37  Refinery, Factory Tech Lab, Stimpack  
  60  4:41  Terran Infantry Weapons Level 1  
  60  4:45  SCV  
  60  4:46  SCV  
  60  4:47  Supply Depot  
  60  4:51  Marine  
  60  4:52  Marauder, Marine  
  66  4:56  Supply Depot  
  66  5:03  Siege Tank  
  66  5:06  SCV  
  71  5:14  SCV  
  71  5:15  Marauder x2, Marine x2  
  71  5:18  Starport Reactor  
  77  5:25  Refinery  
  77  5:29  Supply Depot  
  77  5:32  Marine x2  
  79  5:36  Marine x2  
  79  5:49  Medivac  
  79  5:50  SCV x2, Marine  
  79  5:54  Command Center, Marauder x2  
  79  5:56  Marine  
  85  5:59  Combat Shield  
  85  6:02  SCV x2  
  86  6:11  Supply Depot, Marine  
  86  6:12  Supply Depot  
  86  6:14  SCV  
  86  6:15  SCV, Marauder x2  
  93  6:29  Siege Tank  
  93  6:32  Marine x2  
  96  6:34  Medivac  
  96  6:35  Terran Infantry Armor Level 1  
  96  6:36  Concussive Shells  
  96  6:37  Marauder x2  
  102  6:41  Barracks  
  102  6:43  Barracks  
  102  6:52  SCV x2  
  101  6:57  Marine x2  
  101  6:58  Marauder x2  
  101  7:00  Supply Depot  
  107  7:04  SCV  
  107  7:05  SCV  
  107  7:06  Orbital Command  
  107  7:14  Marine  
  106  7:16  SCV  
  106  7:19  Marauder  
  109  7:24  Factory Reactor  
  109  7:26  Marauder, Marine  
  112  7:30  Barracks Reactor, Barracks Tech Lab  
  112  7:32  Marine  
  112  7:33  SCV  
  114  7:41  Marauder  
  114  7:43  Starport Reactor  
  116  7:44  Marine  
  116  7:48  Marauder  
  116  7:49  SCV x2  
  116  7:50  Marine  
  121  8:01  SCV  
  121  8:02  Marauder x2, Marine  
  121  8:03  SCV  
  127  8:08  Marine  
  127  8:09  Marauder  
  116  8:13  Marine  
  96  8:23  Marauder  
  96  8:24  Marauder, Marine x2  
  96  8:25  SCV x2  
  84  8:30  Marauder, Marine  
  84  8:32  Marine  
  69  8:42  Marine  
  69  8:43  Marine  
  69  8:45  Marauder x2  
  62  8:52  Marauder  
Tags
 
Add a new tag
Caveats
  • Supply blocks, unpowered buildings, or Contaminate may cause inaccurate times.
  • Supply counts are checked every 10 seconds.